 Dungeon Crawl Stone Soup version 0.16.2-12-gd0ad4c3 (webtiles) character file.

3077 HenryFlower the Nimble (level 9, -1/43 HPs)
             Began as a Spriggan Berserker on Sept 13, 2015.
             Was a High Priest of Trog.
             Killed by divine providence
             ... invoked by an orc priest
              (15 damage)
             ... on level 6 of the Dungeon.
             The game lasted 00:19:58 (8759 turns).

HenryFlower the Nimble (Spriggan Berserker)         Turns: 8759, Time: 00:19:59

Health: -1/43      AC:  3    Str: 13    XL:     9   Next: 58%
Magic:  18/18      EV: 28    Int:  8    God:    Trog [*****.]
Gold:   361        SH:  7    Dex: 19    Spells: 0 memorised, 8 levels left

rFire  . . .     SeeInvis +     b - +0 blowgun
rCold  . . .     Clarity  .     y - +0 animal skin
rNeg   . . .     SustAb   .     h - +0 buckler
rPois  .         Gourm    .     (helmet restricted)
rElec  .         Spirit   .     t - +0 cloak
rCorr  .         Warding  .     (gloves unavailable)
rMut   .         Stasis   .     (boots unavailable)
MR     +....                    (no amulet)
Stlth  ++........               (no ring)
                                (no ring)

@: very quick, somewhat resistant to hostile enchantments, unstealthy
A: unfitting armour, see invisible, herbivore 3, speed 3, slow metabolism 2
a: Burn Spellbooks, Berserk, Trog's Hand, Brothers in Arms, Renounce Religion


You were on level 6 of the Dungeon.
You worshipped Trog.
Trog was extremely pleased with you.
You were not hungry.

You visited 1 branch of the dungeon, and saw 6 of its levels.
You also visited: Sewer.

You collected 361 gold pieces.

Inventory:

Hand weapons
 a - a +0 dagger of speed
 b - a +0 blowgun (weapon)
 k - a +0 short sword
 z - a +2 antimagic rapier
Missiles
 q - 24 poisoned needles (quivered)
Armour
 h - a +0 buckler (worn)
 t - a +0 cloak (worn)
 y - a +0 animal skin (worn)
Magical devices
 m - a wand of digging (2)
 r - a wand of frost (12)
 x - a wand of frost (15)
Scrolls
 c - 3 scrolls of recharging {unknown}
 e - 3 scrolls of teleportation
 l - 5 scrolls of remove curse
 n - 3 scrolls of magic mapping
 o - 3 scrolls of random uselessness {unknown}
 s - a scroll of fog {unknown}
 A - a scroll of fear {unknown}
Potions
 d - a potion of cure mutation
 f - a potion of haste
 g - 2 potions of restore abilities
 i - a potion of heal wounds {unknown}
 j - 4 potions of magic {unknown}
 p - a potion of agility {unknown}
 u - 2 potions of brilliance
 v - 2 potions of might {unknown}
 w - a potion of curing


   Skills:
 - Level 2.4 Fighting
 + Level 10.7 Short Blades
 - Level 1.3 Armour
 + Level 11.6 Dodging
 + Level 3.8 Shields


You had 8 spell levels left.
You didn't know any spells.

Dungeon Overview and Level Annotations

Branches:
Dungeon (6/15)             Temple (0/1) D:4

Altars:
Ashenzari
Elyvilon
Makhleb
Nemelex Xobeh
Ru
Trog
Yredelemnul


Innate Abilities, Weirdness & Mutations

You are tiny and cannot use many weapons and most armour.
You have supernaturally acute eyesight.
You are a herbivore.
You cover ground extremely quickly.
You need consume almost no food.


Message History

There is an open door here.
Firing (i - inventory):
q - 25 poisoned needles (quivered)
Press: ? - help, Shift-Dir - straight line, f/p - orc priest
Aim: an orc priest, wielding a war axe (severely wounded, poisoned)
You shoot a poisoned needle.
The poisoned needle hits the worker ant!
The worker ant is poisoned.
The worker ant completely misses you.
The orc priest glows brightly for a moment.
Evoke which item? (* to show all) (? for menu, Esc to quit)
Zapping:
x - a wand of frost (will waste charges)
Press: ? - help, Shift-Dir - straight line, f/p - orc priest
Aim: an orc priest, wielding a war axe (almost dead, poisoned)
The puff of frost hits the worker ant.
The worker ant is severely wounded.
Evoking this partially-identified wand wasted a few charges.
The worker ant waves its antennae.
The worker ant closely misses you.
The orc priest mumbles some strange prayers to Beogh against you.
Something smites you!
You die...

*#...##..##..##.##..# #)#
*#.##.h##.o##...##..####.###
*#.##o(##.(##((.##.........#
,#...##o.##.(##.##.........#
,#...##..##..##.##.#.......######
*#(##########..(##.#............#
##.# ****#..ho#.#............#
...# *,,*####a#.#............#
#### **,,**,,#@#.#............# #
*****,**,*,,#.#........#######
##**,,,,****,,,..###............#
.#*,,,,,,**,,,...#*#............#
.....,*,,,,,,.#...*#............#
....#***,,,,####..*#............#
....#***,,,,***#..*#............#
....,*,,,,,,,*,...##............#
.##,,,,,,**,,,,..#*#............#


You could see a black bear, a worker ant and an orc priest.

Vanquished Creatures
  An unseen horror (D:6)
  Pikel (D:4)
  The ghost of HenryFlower the Slicer, an experienced SpBe of Trog (D:4)
  A hungry ghost (D:4)
  An ogre (D:6)
  A sky beast (D:5)
  A black bear (D:6)
  A necrophage (D:3)
  A phantom (D:4)
  A centaur (D:6)
  4 giant frogs
  3 crimson imps
  5 hounds
  A jelly (D:6)
  2 orc priests
  An orc wizard (D:5)
  A centaur skeleton (D:5)
  2 giant frog skeletons (D:4)
  3 worker ants
  A hound skeleton (D:4)
  A worker ant zombie (D:5)
  4 river rats (Sewer)
  21 adders
  2 giant mites
  2 worms
  3 adder zombies (D:3)
  5 giant geckos
  An ooze (D:3)
  13 orcs
  11 ball pythons
  A bat skeleton (D:6)
  2 bat zombies (D:3)
  6 giant cockroaches
  12 hobgoblins
  3 jackals (D:3)
  A quokka (D:2)
  13 bats
  A giant gecko skeleton (D:3)
  4 giant gecko zombies
  16 giant newts
  9 goblins
  A jackal skeleton (D:5)
  10 kobolds
  A quokka skeleton (D:3)
  35 rats
211 creatures vanquished.

Vanquished Creatures (others)
  A slave (D:4)
  A worker ant (D:4)
  An orc (D:4)
  A hobgoblin (D:4)
  3 kobolds (D:4)
7 creatures vanquished.

Grand Total: 218 creatures vanquished

Notes
Turn   | Place    | Note
--------------------------------------------------------------
     0 | D:1      | HenryFlower, the Spriggan Berserker, began the quest for the Orb.
     0 | D:1      | Reached XP level 1. HP: 11/11 MP: 2/2
   397 | D:1      | Reached XP level 2. HP: 13/16 MP: 4/4
   450 | D:1      | Reached skill level 4 in Short Blades
   782 | D:1      | Acquired Trog's second power
   921 | D:2      | Reached XP level 3. HP: 19/19 MP: 6/6
  1074 | D:2      | You fall through a shaft!
  1112 | D:3      | Reached skill level 5 in Short Blades
  1344 | D:3      | Noticed a necrophage
  1355 | D:3      | Killed a necrophage
  1355 | D:3      | Reached skill level 6 in Short Blades
  1355 | D:3      | Reached XP level 4. HP: 23/23 MP: 8/8
  1355 | D:3      | Reached XP level 5. HP: 27/27 MP: 10/10
  2417 | D:2      | Reached skill level 7 in Short Blades
  3255 | D:4      | Reached XP level 6. HP: 32/32 MP: 12/12
  3307 | D:4      | Noticed a slave
  3308 | D:4      | Noticed a slave
  3332 | D:4      | Noticed a slave
  3337 | D:4      | Noticed Pikel
  3378 | D:4      | Killed Pikel
  3378 | D:4      | Reached skill level 9 in Short Blades
  3378 | D:4      | Reached XP level 7. HP: 35/35 MP: 14/14
  3381 | D:4      | Noticed a freed slave
  3526 | D:4      | Killed a freed slave
  3697 | D:4      | Found a staircase to the Ecumenical Temple.
  3705 | D:4      | Acquired Trog's third power
  4215 | D:4      | Reached skill level 10 in Short Blades
  4439 | D:4      | Found a sparkling altar of Nemelex Xobeh.
  4439 | D:4      | Found a burning altar of Makhleb.
  4440 | D:4      | Found a basalt altar of Yredelemnul.
  4440 | D:4      | Found a sacrificial altar of Ru.
  4441 | D:4      | Found a bloodstained altar of Trog.
  4443 | D:4      | Found a shattered altar of Ashenzari.
  4444 | D:4      | Found a white marble altar of Elyvilon.
  4463 | D:4      | Noticed HenryFlower's ghost (experienced SpBe)
  4478 | D:4      | Killed HenryFlower's ghost
  4478 | D:4      | Reached skill level 5 in Dodging
  4478 | D:4      | Reached XP level 8. HP: 39/39 MP: 16/16
  5070 | D:4      | Noticed a hungry ghost
  5093 | D:4      | Killed a hungry ghost
  5173 | D:4      | Noticed a phantom
  5191 | D:4      | Killed a phantom
  5431 | D:5      | Entered Level 5 of the Dungeon
  5737 | D:6      | Found a glowing drain.
  5807 | Sewer    | Entered a sewer
  6203 | Sewer    | Reached skill level 1 in Shields
  6972 | Sewer    | Reached skill level 10 in Dodging
  7333 | D:5      | Reached XP level 9. HP: 43/43 MP: 18/18
  7804 | D:5      | Received a gift from Trog
  7999 | D:6      | Noticed an unseen horror
  8262 | D:6      | Killed an unseen horror
  8262 | D:6      | Reached skill level 11 in Dodging
  8759 | D:6      | Killed from afar by an orc priest

Action                   |  1- 3 |  4- 6 |  7- 9 || total
-------------------------+-------+-------+-------++-------
Melee: Short sword       |    95 |       |       ||    95
       Dagger            |    59 |   322 |  1171 ||  1552
       Rapier            |       |       |    27 ||    27
 Fire: Blowgun           |       |       |    36 ||    36
Invok: Berserk           |     2 |     1 |     6 ||     9
Evoke: Wand              |       |       |     1 ||     1
  Use: Potion            |       |     3 |     4 ||     7
       Scroll            |       |     4 |     5 ||     9
 Stab: Sleeping          |       |     3 |     3 ||     6
       Distracted        |       |       |     2 ||     2
  Eat: Bread ration      |       |     1 |     2 ||     3
